 Dungeon Crawl Stone Soup version 0.31-a0-609-g7bf6ffcfed (webtiles) character file.

Game seed: 4354731580063524494

6334 IdlyInterested the Trooper (level 10, 0/118 HPs)
             Began as a Demonspawn Fighter on Aug 21, 2023.
             Was a Follower of Trog.
             Slain by a yak (5 damage)
             ... on level 9 of the Dungeon.
             The game lasted 00:24:39 (8636 turns).

IdlyInterested the Trooper (Demonspawn Fighter)     Turns: 8636, Time: 00:24:39

Health: 0/118      AC: 15    Str: 18    XL:     10   Next: 64%
Magic:  10/10      EV:  7    Int:  9    God:    Trog [*.....]
Gold:   212        SH:  0    Dex: 22    Spells: 9/9 levels left

rFire   . . .        d - +4 short sword (venom)
rCold   . . .        (no shield)
rNeg    . . .        i - +0 plate armour
rPois   .            (helmet currently unavailable)
rElec   .            (cloak currently unavailable)
rCorr   .            (gloves currently unavailable)
SInv    .            (boots currently unavailable)
Will    .....        (no amulet) Stlth
                     h - +4 ring of protection
HPRegen 0.39/turn    k - +6 ring of dexterity
MPRegen 0.12/turn

%: no passive effects
@: berserking, beast-form, very quick
A: beast (slay +4), claws 1, hooves 2, ignite blood 2, powered by pain 1,
weakness stinger 2
a: Begin Untransformation, Renounce Religion, Berserk


You were on level 9 of the Dungeon.
You worshipped Trog.
Trog was aware of your devotion.
You were a hulking beast.
You visited 2 branches of the dungeon, and saw 10 of its levels.

You collected 640 gold pieces.
You spent 428 gold pieces at shops.

Inventory:

Hand Weapons
 a - a +0 rapier
 d - a +4 short sword of venom (weapon)
 t - a +2 dagger of electrocution
Missiles
 e - 35 stones (quivered)
 p - 3 silver javelins
Armour
 c - a +0 buckler
 i - a +0 plate armour (worn)
 B - the +0 ring mail of Vaixzil {rC- Will+ Dex+4 Stlth+}
   (You found it on level 5 of the Dungeon)

   Dex+4:     It affects your dexterity (+4).
   rC-:       It makes you vulnerable to cold.
   Will+:     It increases your willpower.
   Stlth+:    It makes you more stealthy.
Jewellery
 h - a +4 ring of protection (left claw)
 k - a +6 ring of dexterity (right claw)
Talismans
 l - a beast talisman (active)
 u - a serpent talisman
Wands
 r - a wand of flame (19)
 G - a wand of light (12)
Scrolls
 b - 2 scrolls of identify
 g - a scroll of blinking
 j - a scroll of enchant weapon
 n - 2 scrolls of enchant armour
 q - 4 scrolls of immolation
 w - 3 scrolls of teleportation
 x - 4 scrolls of revelation
 y - 2 scrolls of fear
Potions
 m - a potion of resistance
 z - a potion of enlightenment
 E - a potion of haste


   Skills:
 + Level 7.5 Fighting
 - Level 6.0 Short Blades
 - Level 2.0 Throwing
 - Level 3.0 Armour
 - Level 3.0 Dodging
 - Level 2.0 Stealth
 - Level 3.0 Shields
 - Level 7.0 Unarmed Combat
 - Level 2.0 Evocations
 - Level 7.0 Shapeshifting


You had 9 spell levels left.
You didn't know any spells.
Your spell library contained the following spells:

 Spells                   Type           Power      Damage    Failure   Level
 Sandblast                Erth           0%         2d4       100%        1
 Passwall                 Tmut/Erth      0%         N/A       100%        2
 Stone Arrow              Conj/Erth      0%         3d7       100%        3
 Vhi's Electric Charge    Tloc/Air       0%         N/A       100%        3
 Arcjolt                  Conj/Air       0%         1d10      100%        5
 Maxwell's Capacitive Co  Air            0%         ∞         100%        8


Dungeon Overview and Level Annotations

Branches:
Dungeon (9/15)             Temple (1/1) D:7
   Lair: D:8-11         Orc: D:9-12

Altars:
Ashenzari
Cheibriados
Fedhas
Gozag
Hepliaklqana
Kikubaaqudgha
Nemelex Xobeh
Okawaru
Qazlal
Ru
Sif Muna
Trog
Uskayaw
Vehumet
Xom

Annotations:
Temple 4 transporters


Innate Abilities, Weirdness & Mutations

You are a hulking beast.
Your limbs bulge with bestial killing power. (Slay +4)
You have sharp fingernails.
You have hoof-like feet.
Your demonic aura often causes spilled blood to erupt in flames.
You sometimes gain a little power by taking damage.
You have a tail ending in a sharp stinger.


Message History

You hit the large slime creature. You kick the large slime creature!
You tail-slap the large slime creature!
The large slime creature is almost dead.
You puncture the large slime creature!
You feel the power of Trog in you as your rage grows.
You kill the large slime creature!
Trog accepts your kill.
The orc priest invokes the aid of Beogh against you.
Beogh smites you!
* * * LOW HITPOINT WARNING * * *
Training target 7.0 for Shapeshifting reached!
Your Fighting skill increases to level 7!
Your Shapeshifting skill increases to level 7!
You puncture the orc warrior!
The orc warrior looks as sick as possible!
You kick the orc warrior!
The orc warrior is almost dead.
You puncture the orc warrior!
You kill the orc warrior!
Trog accepts your kill.
You puncture the slime creature!
The slime creature is poisoned.
You kick the slime creature! You claw the slime creature!
The slime creature is heavily wounded.
You puncture the slime creature!
The slime creature looks as sick as possible!
The slime creature is severely wounded.
The slime creature is engulfed in blazing flames.
The slime creature hits you!
* * * LOW HITPOINT WARNING * * *
You barely miss the slime creature. Your kick misses the slime creature.
The slime creature is almost dead.
You puncture the slime creature!
You kill the slime creature!
Trog accepts your kill.
You hit the yak.
The yak is poisoned.
The yak is lightly wounded.
You hit the yak.
The yak looks as sick as possible!
You claw the yak!
The yak is heavily wounded.
The yak is engulfed in blazing flames.
The yak gores you.
You die...

#.# #.# #..#
#.8_8.##...##
#.# #.# ##.#
#..8..###+## ..#
#.####.#########
### #.........#
######.####
#####.#####.
#............ #
#.##..###.#$. ..
#h## ## #Y# #o#
#.# ... #.# ...
.#.


You could see a yak (extremely poisoned) and an orc priest.

Vanquished Creatures
  A deep elf pyromancer (D:9)
  Jeremiah (D:6)
  2 hornets (D:9)
  3 slime creatures (D:9)
  A shadow (D:8)
  Sigmund (D:3)
  7 yaks
  A wraith (D:8)
  The ghost of bcImEvil the Destabilizer, an amateur HuWn (D:3)
  Menkaure (D:7)
  3 water moccasins
  2 ice beasts (D:8)
  A sky beast (D:8)
  4 orc warriors
  2 ogres (D:6)
  A phantom (D:5)
  2 centaurs
  Blork the orc (D:4)
  4 bullfrogs (D:8)
  5 scorpions
  2 howler monkeys
  4 quasits (D:3)
  2 hounds
  2 jellies (D:6)
  2 orc priests
  A sleepcap (D:7)
  A gnoll bouda (D:7)
  Terence (D:2)
  An iguana (D:5)
  10 orc wizards
  A mummy (D:8)
  8 gnolls
  6 adders
  A shadow imp (D:5)
  2 white imps (D:5)
  3 worms
  A dart slug (D:1)
  25 orcs
  A bat (D:1)
  4 endoplasms
  5 giant cockroaches
  6 goblins
  7 hobgoblins
  3 quokkas
  7 ball pythons
  4 frilled lizards
  3 kobolds
  8 rats
165 creatures vanquished.

Notes
Turn   | Place    | Note
-------+----------+-------------------------------------------
     0 | D:1      | IdlyInterested the Demonspawn Fighter began the quest for
                  | the Orb.
     0 | D:1      | Reached XP level 1. HP: 18/18 MP: 1/1
   118 | D:1      | Found Vebamm's Magic Scroll Shoppe.
   168 | D:1      | Discovered your monstrous ancestry.
   168 | D:1      | Gained mutation: You have large cloven feet. [demonic
                  | ancestry]
   168 | D:1      | Reached XP level 2. HP: 19/24 MP: 2/2
  1016 | D:2      | Gained mutation: You have a small tail. [demonic ancestry]
  1016 | D:2      | Reached XP level 3. HP: 24/29 MP: 3/3
  1102 | D:2      | Reached skill level 1 in Throwing
  1145 | D:2      | Found a faded altar of an unknown god.
  1283 | D:2      | Noticed Terence
  1295 | D:2      | Killed Terence
  1296 | D:2      | Reached skill level 1 in Stealth
  1296 | D:2      | Gained mutation: You sometimes gain a little power by
                  | taking damage. [demonic ancestry]
  1296 | D:2      | Reached XP level 4. HP: 21/37 MP: 4/4
  1811 | D:1      | Bought a scroll of enchant armour for 82 gold pieces
  1876 | D:3      | Noticed a water moccasin
  1883 | D:3      | Killed a water moccasin
  1884 | D:3      | Reached skill level 1 in Shapeshifting
  1884 | D:3      | Gained mutation: You have hoof-like feet. [demonic
                  | ancestry]
  1884 | D:3      | Reached XP level 5. HP: 24/43 MP: 5/5
  2167 | D:3      | Found a transporter.
  2171 | D:3      | Noticed bcImEvil's ghost (amateur HuWn)
  2193 | D:3      | Found a transporter.
  2370 | D:3      | Reached skill level 1 in Evocations
  2457 | D:3      | Found a sacrificial altar of Ru.
  2480 | D:3      | Reached skill level 5 in Fighting
  2520 | D:3      | Noticed Sigmund
  2526 | D:3      | Killed Sigmund
  2527 | D:3      | Reached skill level 1 in Dodging
  2527 | D:3      | Gained mutation: Your demonic aura sometimes causes spilled
                  | blood to erupt in flames. [demonic ancestry]
  2527 | D:3      | Reached XP level 6. HP: 50/51 MP: 6/6
  2581 | D:3      | Found a sparkling altar of Nemelex Xobeh.
  2872 | D:3      | Gained mutation: You have sharp fingernails. [demonic
                  | ancestry]
  2872 | D:3      | Reached XP level 7. HP: 57/57 MP: 7/7
  2877 | D:3      | Killed bcImEvil's ghost
  3302 | D:4      | Noticed Blork the orc
  3311 | D:4      | Killed Blork the orc
  3312 | D:4      | Reached skill level 1 in Unarmed Combat
  3746 | D:5      | Entered Level 5 of the Dungeon
  3918 | D:1      | Bought a scroll of revelation for 82 gold pieces
  3918 | D:1      | Bought a scroll of fear for 44 gold pieces
  4031 | D:5      | Gained mutation: Your demonic aura often causes spilled
                  | blood to erupt in flames. [demonic ancestry]
  4031 | D:5      | Reached XP level 8. HP: 45/64 MP: 8/8
  4395 | D:5      | Found a radiant altar of Vehumet.
  4443 | D:5      | Identified the +0 ring mail of Vaixzil {rC- Will+ Dex+4
                  | Stlth+}
  4671 | D:1      | Bought a scroll of immolation for 44 gold pieces
  5147 | D:6      | Noticed Jeremiah
  5161 | D:6      | Killed Jeremiah
  5549 | D:6      | Reached skill level 5 in Short Blades
  5827 | D:1      | Bought a scroll of amnesia for 44 gold pieces
  5827 | D:1      | Bought a scroll of teleportation for 33 gold pieces
  5954 | D:7      | Reached XP level 9. HP: 64/69 MP: 9/9
  6015 | D:7      | Found a staircase to the Ecumenical Temple.
  6020 | D:7      | Reached skill level 5 in Unarmed Combat
  6078 | D:7      | Noticed Menkaure
  6094 | D:7      | HP: 1/69 [yak (5)]
  6095 | D:7      | Killed Menkaure
  6097 | D:7      | Reached skill level 5 in Shapeshifting
  6289 | Temple   | Found a transporter.
  6289 | Temple   | Found a transporter.
  6289 | Temple   | Found a transporter.
  6289 | Temple   | Found a transporter.
  6289 | Temple   | Entered the Ecumenical Temple
  6361 | D:7      | Found a bloodstained altar of Trog.
  6369 | D:7      | Became a worshipper of Trog the Wrathful
  6542 | D:7      | Found Comeaso's Weapon Emporium.
  6733 | D:1      | Bought a scroll of identify for 22 gold pieces
  6733 | D:1      | Bought a scroll of immolation for 44 gold pieces
  6733 | D:1      | Bought a scroll of teleportation for 33 gold pieces
  7466 | D:8      | Gained mutation: You have a tail ending in a sharp stinger.
                  | [demonic ancestry]
  7466 | D:8      | Reached XP level 10. HP: 60/76 MP: 10/10
  7599 | D:8      | Found a snail-covered altar of Cheibriados.
  7952 | D:9      | Noticed a deep elf pyromancer
  7958 | D:9      | Paralysed by a hornet for 1 turns
  7963 | D:9      | Killed a deep elf pyromancer
  8187 | D:9      | Reached * piety under Trog
  8259 | D:9      | Found an iron altar of Okawaru.
  8632 | D:9      | HP: 4/118 [slime creature (7)]
  8636 | D:9      | Slain by a yak

Illustrated notes

Levels and vault maps discovered:
D:1:      nzn_arrival_crosshair, layout_loops_ring, serial_shops,
          shop_fountains, dreamdust_princess_bridge
D:2:      layout_basic, basic_ecumenical_altar, uniq_terence
D:3:      layout_basic, nemelex_spade_bored_becter, mainiacjoe_overflow_paths,
          gammafunk_ghost_stat_death, serial_park_tiny_2, uniq_sigmund
D:4:      layout_gridville, uniq_blork_the_orc
D:5:      layout_basic, lemuel_tele_altar, nicolae_elyvilon_peaceful_grove
D:6:      layout_loops_ring, uniq_jeremiah
D:7:      layout_rooms, trog_book, mainiacjoe_overflow_cross_hatched,
          minmay_temple_entry_stoned_glass, serial_shops,
          nicolae_shop_bloodbath_and_beyond, uniq_menkaure
D:8:      layout_rooms, slow_altar_2, kennysheep_generic_room_3
D:9:      minmay_spotlight, layout_loops_corners, kennysheep_okawaru_gauntlet,
          lemuel_zombie_altar_yredelemnul, lair_entry_dummy,
          kennysheep_generic_room_4
Temple:   hellmonk_temple_divided_pantheon

Skill      XL: |  1  2  3  4  5  6  7  8  9 10 |
---------------+-------------------------------+-----
Short Blades   | 2 3 4 5 6 |  6.0
Armour         | 3 |  3.0
Throwing       | 1 2 |  2.0
Stealth        | 1 2 |  2.0
Fighting       | 4 5 6 7 |  7.5
Shapeshifting  | 1 2 4 6 7 |  7.0
Evocations     | 1 2 |  2.0
Dodging        | 1 2 3 |  3.0
Unarmed Combat | 2 4 6 7 |  7.0
Shields        | 3 |  3.0

Action                     |  1- 3 |  4- 6 |  7- 9 | 10-12 || total
---------------------------+-------+-------+-------+-------++-------
  Melee: Rapier            |    93 |       |       |       ||    93
         Kick              |    16 |    16 |    74 |    38 ||   144
         Tailslap          |     6 |    11 |    40 |    21 ||    78
         Short sword       |       |    73 |   199 |    93 ||   365
         Punch             |       |       |     8 |     2 ||    10
  Throw: Stone             |       |     5 |    21 |    15 ||    41
 Invoke: Berserk           |       |       |       |     1 ||     1
    Use: Potion            |     3 |     1 |     3 |       ||     7
         Scroll            |       |       |     7 |     1 ||     8
 Armour: Scale mail        |    37 |       |       |       ||    37
         Chain mail        |       |    63 |    74 |     9 ||   146
         Plate armour      |       |       |       |     9 ||     9
  Dodge: Dodged            |    25 |    35 |    72 |    15 ||   147
  Block: Buckler           |    23 |    17 |     1 |       ||    41
   Form: Beast             |       |     1 |       |       ||     1

Table legend: (Time is in decaauts)
 A = Elapsed time spent in this place.
 B = Non-inter-level travel time spent in this place.
 C = Inter-level travel time spent in this place.
 D = Time resting spent in this place.
 E = Time spent auto-exploring this place.
 F = Levels seen in this place.
 G = Mean time per level.
                   A        B        C        D        E       F      G
               +--------+--------+--------+--------+--------+-----+--------+
         Total |   8615 |   6892 |   1723 |   1214 |   4049 |  10 |  861.5 |
       Dungeon |   8588 |   6865 |   1723 |   1214 |   4049 |   9 |  954.2 |
        Temple |     27 |     27 |      0 |      0 |      0 |   1 |   27.0 |
               +--------+--------+--------+--------+--------+-----+--------+

Top non-repeatable levels by time:
     D:2: 1238 daAuts
     D:1: 1222 daAuts
     D:3: 1137 daAuts
     D:6: 965 daAuts
     D:8: 878 daAuts
     D:5: 868 daAuts
     D:9: 835 daAuts
     D:4: 765 daAuts
     D:7: 675 daAuts
  Temple: 27 daAuts
